[Event "*** Titled Tuesday Blitz"]
[Site "Chess.com"]
[Date "2020.12.01"]
[Round "11"]
[White "kidagent"]
[Black "vova-79"]
[Result "0-1"]
[WhiteElo "2297"]
[BlackElo "2463"]
[TimeControl "180+1"]
[EndTime "12:04:01 PST"]
[Termination "vova-79 won by resignation"]

1. e4 e6 2. d4 d5 3. Nd2 dxe4 4. Nxe4 Nd7 5. Bd3 Ngf6 6. Ne2 c5 7. dxc5 Nxc5 8. Nxc5 Bxc5 9. O-O O-O 10. Bg5 h6 11. Bh4 b6 12. Qd2 Bb7 13. Rad1 Qd5 14. Nf4 Qc6 15. Bxf6 gxf6 16. b4 Be7 17. f3 Rfd8 18. Qf2 Bxb4 19. Qh4 Qc5+ 20. Kh1 Qg5 21. Qxg5+ hxg5 22. Nh5 f5 23. Ng3 Bc5 24. Rfe1 Rd6 25. Bc4 Rad8 26. Rxd6 Rxd6 27. Bd3 Kf8 28. Ne2 Bd5 29.
Nc3 Bb4 0-1

[Event "*** Titled Tuesday Blitz"]
[Site "Chess.com"]
[Date "2020.12.01"]
[Round "11"]
[White "MIJuanReyesRosa"]
[Black "KonstantinB_1983"]
[Result "0-1"]
[WhiteElo "2084"]
[BlackElo "2473"]
[TimeControl "180+1"]
[EndTime "12:04:02 PST"]
[Termination "KonstantinB_1983 won on time"]

1. e4 c6 2. d4 d5 3. exd5 cxd5 4. c4 Nf6 5. Nc3 Nc6 6. Bg5 dxc4 7. Bxc4 Qxd4 8.
Qxd4 Nxd4 9. O-O-O e5 10. Rxd4 exd4 11. Nb5 Kd8 12. Nf3 a6 13. Nbxd4 Bd6 14. Rd1 Kc7 15. Bxf7 Rf8 16. Bb3 Bd7 17. Kb1 Rae8 18. Nh4 Ne4 19. Be3 Nxf2 20. Bxf2 Rxf2 21. Ndf3 Bc6 22. Rc1 Kb6 23.
Rd1 Bb8 24. Nf5 Bxf3 25. Rd7 Re1+ 0-1

[Event "*** Titled Tuesday Blitz"]
[Site "Chess.com"]
[Date "2020.12.01"]
[Round "11"]
[White "anon102030"]
[Black "elohunter1999"]
[Result "0-1"]
[WhiteElo "2709"]
[BlackElo "2595"]
[TimeControl "180+1"]
[EndTime "12:04:04 PST"]
[Termination "elohunter1999 won by checkmate"]

1. e4 c5 2. Nc3 Nc6 3. g3 g6 4.
Bg2 Bg7 5. d3 d6 6. Be3 e6 7.
Nf3 e5 8. O-O Nge7 9. Nh4 O-O 10. f4 f5 11. Qd2 Be6 12. Rae1 Qd7 13. exf5 Nxf5 14. Nxf5 Bxf5 15. fxe5 Nxe5 16. Bh6 Bh3 17. Bxg7 Kxg7 18. Ne4 Rae8 19. Nxd6 Qxd6 20. Bxh3 Nf3+ 21. Rxf3 Rxe1+ 22. Qxe1 Rxf3 23. Bg2 Qd4+ 24. Kh1 Qe3 25. Qc3+ Rf6 26. h3 Qxg3 27. Qxc5 Rf2 28. Qd5 Re2 29.
Qxb7+ Kh6 30. Qf7 Qxg2# 0-1

[Event "*** Titled Tuesday Blitz"]
[Site "Chess.com"]
[Date "2020.12.01"]
[Round "11"]
[White "pastouche06"]
[Black "ChronicUnhappiness"]
[Result "1-0"]
[WhiteElo "2485"]
[BlackElo "2359"]
[TimeControl "180+1"]
[EndTime "12:04:06 PST"]
[Termination "pastouche06 won by resignation"]

1. d4 d5 2. c4 e6 3. Nc3 Bb4 4. e3 Nf6 5. a3 Bxc3+ 6. bxc3 c5 7. cxd5 exd5 8. Bd3 O-O 9. Ne2 b6 10. O-O Ba6 11. Ng3 Bxd3 12. Qxd3 Nc6 13. f3 Rc8 14. Bb2 Re8 15. e4 cxd4 16. cxd4 dxe4 17. fxe4 Ne5 18. Qe2 Nc4 19. Bc3 Nd5 20. Bd2 Nxd2 21. Qxd2 Nc3 22. Rae1 Rc4 23. Nf5 Rxe4 24. Rxe4 Nxe4 25. Qd3 b5 26. Qxe4 h5 27. Qe5 Qf8 28. Ne7+ 1-0

[Event "*** Titled Tuesday Blitz"]
[Site "Chess.com"]
[Date "2020.12.01"]
[Round "11"]
[White "cukin84"]
[Black "niki_2003"]
[Result "1-0"]
[WhiteElo "2170"]
[BlackElo "2017"]
[TimeControl "180+1"]
[EndTime "12:04:06 PST"]
[Termination "cukin84 won by resignation"]

1. e4 c5 2. Nc3 a6 3. f4 b5 4. Nf3 Bb7 5. d3 e6 6. g3 d5 7. Bg2 Nf6 8. e5 Ng8 9. O-O h5 10. h4 Nh6 11. Ng5 Nf5 12. Qe1 Qb6 13. Kh2 Be7 14. Nf3 g6 15. a4 b4 16. Nd1 d4 17. Nf2 a5 18. Ne4 Nh6 19. Bh3 Nf5 20. Bd2 Qc6 21. Bg2 Qb6 22. Qe2 Na6 23. b3 Nc7 24. Rae1 Nd5 25. Bh3 Nde3 26. Bxe3 Nxe3 27. Ned2 Nxf1+ 28. Rxf1 Qc6 29. Bg2 Qb6 30. Nc4 Qc7 31.
Bh3 Ba6 32. Nfd2 Rb8 33. Bg2 O-O 34. Ne4 Bxc4 35. dxc4 Qd8 36. Qd3 Bxh4 37. gxh4 Qxh4+ 38. Kg1 Qg4 39. Nf6+ 1-0

[Event "*** Titled Tuesday Blitz"]
[Site "Chess.com"]
[Date "2020.12.01"]
[Round "11"]
[White "Loy_Konstantin"]
[Black "Ajedrez_con_German"]
[Result "1-0"]
[WhiteElo "2365"]
[BlackElo "2436"]
[TimeControl "180+1"]
[EndTime "12:04:12 PST"]
[Termination "Loy_Konstantin won by resignation"]

1. e4 e5 2. Nf3 Nc6 3. d4 exd4 4. Nxd4 Nf6 5. Nxc6 bxc6 6. Bd3 d5 7. e5 Nd7 8.
O-O Nc5 9. f4 Nxd3 10. Qxd3 Bc5+ 11. Be3 Bxe3+ 12. Qxe3 Bf5 13. c3 O-O 14. Nd2 Rb8 15.
b4 f6 16. Qxa7 fxe5 17. fxe5 Qe7 18. Qd4 h6 19. Nb3 Rbe8 20. Rae1 Be4 21. Rxf8+ Kxf8 22. Nc5 Bg6 23. e6 Kg8 24. a4 Qg5 25. Qe3 Qf6 26.
a5 1-0

[Event "*** Titled Tuesday Blitz"]
[Site "Chess.com"]
[Date "2020.12.01"]
[Round "11"]
[White "GigaQuparadze"]
[Black "Hikaru"]
[Result "0-1"]
[WhiteElo "2925"]
[BlackElo "3191"]
[TimeControl "180+1"]
[EndTime "12:04:15 PST"]
[Termination "Hikaru won by resignation"]

1. e4 g6 2. d4 Bg7 3. Nc3 a6 4. Bg5 b5 5. Qd2 Bb7 6. f3 d6 7. a4 b4 8. Nce2 a5 9. c3 bxc3 10. bxc3 Nd7 11. Ng3 Ngf6 12. h4 h6 13. Be3 e6 14. Bb5 Qe7 15. N1e2 c6 16. Bd3 h5 17. Bg5 O-O 18. Rb1 Rfb8 19. O-O Qe8 20. Rb2 Ba6 21. Rfb1 Rxb2 22. Rxb2 Qc8 23. c4 c5 24. d5 Ne5 25.
Rc2 exd5 26. exd5 Nxd3 27. Qxd3 Nd7 28. Ne4 Ne5 29. Qd2 Nxc4 30. Rxc4 Bxc4 31. Nf6+ Bxf6 32. Bxf6 Qf5 33. Bb2 Bxe2 34. Qxe2 Rb8 35. Bc3 Qf4 36. Qd3 Rb3 37. Kf2 Qc1 0-1

[Event "*** Titled Tuesday Blitz"]
[Site "Chess.com"]
[Date "2020.12.01"]
[Round "11"]
[White "Alomaterapia"]
[Black "Natalya_Buksa"]
[Result "1-0"]
[WhiteElo "2458"]
[BlackElo "2555"]
[TimeControl "180+1"]
[EndTime "12:04:21 PST"]
[Termination "Alomaterapia won by resignation"]

1. e4 c5 2. c3 d5 3. exd5 Qxd5 4. d4 Nf6 5. Nf3 cxd4 6. cxd4 e6 7. Nc3 Bb4 8. Bd3 Nc6 9. O-O Qd8 10. Bg5 Be7 11. Rc1 O-O 12. Re1 h6 13. Bh4 Nd5 14.
Bg3 Nxc3 15. bxc3 Qd5 16. c4 Qh5 17. d5 Nb4 18. Bb1 Bg5 19. Nxg5 Qxg5 20. Bd6 Na6 21.
Bxf8 Kxf8 22. Qd4 exd5 23. cxd5 Bd7 24. Bd3 Kg8 25. Bxa6 bxa6 26. Rc7 Bb5 27. Qe5 Qd2 28. d6 Re8 29. Re7 Rd8 30. h4 Rxd6 31. Qf5 Rg6 32.
h5 Rxg2+ 33. Kxg2 Bc6+ 34. Kg1 Qd5 35. Re8+ 1-0

[Event "*** Titled Tuesday Blitz"]
[Site "Chess.com"]
[Date "2020.12.01"]
[Round "11"]
[White "Kavyev_Ruslan"]
[Black "frederiksvane"]
[Result "0-1"]
[WhiteElo "2518"]
[BlackElo "2708"]
[TimeControl "180+1"]
[EndTime "12:04:24 PST"]
[Termination "frederiksvane won by resignation"]

1. d4 Nf6 2. c4 e6 3. Nf3 d5 4. g3 Bb4+ 5. Bd2 Bd6 6. Bg2 O-O 7. Nc3 Nbd7 8. b3 b6 9. O-O Bb7 10. cxd5 Nxd5 11. Rc1 c5 12. Ne4 Be7 13. dxc5 Nxc5 14. Nxc5 Bxc5 15. Qc2 Rc8 16. Qb1 Qf6 17. Bg5 Qg6 18.
Qxg6 hxg6 19. Ne5 f6 20. Nxg6 fxg5 21. Nxf8 Rxf8 22. e3 g4 23. Rfd1 Nxe3 24. fxe3 Bxe3+ 25. Kh1 Bxg2+ 26. Kxg2 Rf2+ 27. Kh1 Bxc1 28. Rxc1 Rxa2 29. Rc7 Kf8 30. Kg1 Rb2 31. Rxa7 Rxb3 32. Rb7 b5 33. Kf2 b4 34. Ke2 Rb1 35. Ke3 b3 36. Kf4 b2 37.
Kxg4 e5 38. Rb8+ Kf7 39. Rb7+ Kg8 40. h4 e4 41. Rb3 e3 42. Kf3 Rf1+ 43. Ke2 b1=Q 44.
Rxb1 Rxb1 45. Kxe3 Rb3+ 46. Kf4 Kf7 0-1

[Event "*** Titled Tuesday Blitz"]
[Site "Chess.com"]
[Date "2020.12.01"]
[Round "11"]
[White "Eloist"]
[Black "Road2GM3000"]
[Result "1-0"]
[WhiteElo "2292"]
[BlackElo "2127"]
[TimeControl "180+1"]
[EndTime "12:04:26 PST"]
[Termination "Eloist won by checkmate"]

1. e4 d5 2. exd5 c6 3. dxc6 e5 4.
cxb7 Bxb7 5. Bb5+ Nd7 6. Nf3 Bd6 7. d4 Bxf3 8. Qxf3 exd4 9. Bxd7+ Kxd7 10. O-O Nf6 11.
Bg5 Qc7 12. Bxf6 gxf6 13. c3 Bxh2+ 14. Kh1 Rhg8 15. Qh3+ Ke7 16. Qxh2 Qa5 17. Re1+ Kf8 18. Nd2 Rg5 19. Qd6+ Kg7 20. Nf3 Rh5+ 21. Kg1 dxc3 22.
bxc3 Rd8 23. Qg3+ Kh8 24. Rad1 Rg8 25. Qf4 Rf5 26. Qb4 Qxb4 27. cxb4 Rxf3 28. Re7 Rf4 29. Rxf7 Rxb4 30. Rdd7 Rg6 31. Rxh7+ Kg8 32. Rxa7 Rb1+ 33.
Kh2 Rb2 34. Rhd7 Kh8 35. f3 Rbxg2+ 36. Kh3 R2g3+ 37. Kh4 Rg8 38. Rh7# 1-0

[Event "*** Titled Tuesday Blitz"]
[Site "Chess.com"]
[Date "2020.12.01"]
[Round "11"]
[White "maheswaran26"]
[Black "Bodnar_Mykola"]
[Result "1-0"]
[WhiteElo "2255"]
[BlackElo "2374"]
[TimeControl "180+1"]
[EndTime "12:04:30 PST"]
[Termination "maheswaran26 won by resignation"]

1. d4 Nf6 2. Nf3 g6 3. c4 Bg7 4. Nc3 O-O 5. e4 d6 6. h3 e5 7. dxe5 dxe5 8. Qxd8 Rxd8 9. Be3 Re8 10. O-O-O c6 11.
c5 Be6 12. Ng5 Bc8 13. Bc4 Be6 14. Bxe6 fxe6 15. Rd6 Bh6 16. Nxe6 Bxe3+ 17. fxe3 Na6 18. a3 Re7 19. b4 Ne8 20. Rd8 Rxd8 21. Nxd8 Rd7 22.
Rd1 Re7 23. Kc2 h5 24. h4 Nf6 25. Rd6 Kg7 26. Ne6+ Kh6 27. Ng5 Ng4 28. Kd2 Nc7 29. Ke2 Ne8 30. Rd8 Kg7 31. a4 Nc7 32. b5 a6 33. bxc6 bxc6 34. Rd6 Ne8 35. Rxc6 Rc7 36. Rxc7+ Nxc7 37. Nd5 Nxd5 38. exd5 Kf6 39. d6 a5 40. c6 1-0

[Event "*** Titled Tuesday Blitz"]
[Site "Chess.com"]
[Date "2020.12.01"]
[Round "11"]
[White "tylityli"]
[Black "RaneshRatnesan"]
[Result "1-0"]
[WhiteElo "2328"]
[BlackElo "2161"]
[TimeControl "180+1"]
[EndTime "12:04:33 PST"]
[Termination "tylityli won by resignation"]

1. d4 d5 2. c4 c6 3. cxd5 cxd5 4. Bf4 Nf6 5. e3 Nc6 6. Nc3 Bf5 7. Qb3 Na5 8. Qa4+ Bd7 9. Qc2 e6 10. Bd3 Be7 11. Nf3 O-O 12. O-O Rc8 13. Qe2 Nc4 14. Rfc1 Qa5 15. Ne5 Nxe5 16. dxe5 Ne8 17. Qh5 g6 18. Qh6 Ng7 19. h4 b5 20. g4 b4 21.
Ne2 Rxc1+ 22. Nxc1 Bb5 23. Nb3 Qb6 24. Rd1 Bxd3 25.
Rxd3 Qa6 26. Rd2 Qxa2 27. Nd4 Rc8 28. h5 Rc1+ 29. Kg2 Qb1 30. hxg6 Rg1+ 31. Kf3 hxg6 32. Qh2 Qe4+ 33. Ke2 Rxg4 34. f3 Rh4 35. fxe4 Rxh2+ 36. Bxh2 dxe4 37. Nc6 Bg5 38. Bf4 Bxf4 39. exf4 Nf5 40. Nxb4 Kg7 41. Nc6 a6 42. Rd7 1-0

[Event "*** Titled Tuesday Blitz"]
[Site "Chess.com"]
[Date "2020.12.01"]
[Round "11"]
[White "GAusal"]
[Black "garfio2017"]
[Result "1-0"]
[WhiteElo "2109"]
[BlackElo "2258"]
[TimeControl "180+1"]
[EndTime "12:04:36 PST"]
[Termination "GAusal won by resignation"]

1. e4 c6 2. d4 d5 3. exd5 cxd5 4. Nf3 Nc6 5. c4 Nf6 6. cxd5 Nxd5 7. Bc4 Nb6 8. Bb3 e6 9. Nc3 Be7 10. O-O O-O 11.
Qd3 Bf6 12. Rd1 g6 13. Ne4 Bg7 14. Bg5 Qc7 15. Qd2 Bd7 16. Rac1 Rac8 17. Bh6 Qd8 18. Bxg7 Kxg7 19. Ne5 Nxe5 20. dxe5 Rxc1 21. Qxc1 Qh4 22. Nf6 Bc6 23. Qe3 Rc8 24. h3 Qb4 25. Rd4 Qc5 26. Qf4 a5 27. Ng4 Qe7 28. Qh6+ Kh8 29. Nf6 1-0

[Event "*** Titled Tuesday Blitz"]
[Site "Chess.com"]
[Date "2020.12.01"]
[Round "11"]
[White "Khnykin_Nikolay"]
[Black "HouseOfDurin"]
[Result "0-1"]
[WhiteElo "2010"]
[BlackElo "2079"]
[TimeControl "180+1"]
[EndTime "12:04:36 PST"]
[Termination "HouseOfDurin won on time"]

1. e4 c5 2. d4 cxd4 3. c3 dxc3 4. Nxc3 Nc6 5. Bc4 d6 6. Nf3 e6 7. O-O Be7 8. Bf4 Nf6 9. Re1 O-O 10. Nb5 e5 11.
Be3 a6 12. Nc3 Bg4 13. Qa4 Bxf3 14. gxf3 b5 15. Nxb5 axb5 16. Qxb5 Qd7 17. Bd5 Nxd5 18. exd5 Nb8 19. Qd3 f5 20. Kh1 f4 21. Bd2 Qf5 22.
Qb3 Nd7 23. Rg1 Nc5 24. Qc4 Qd3 25. Qc3 Qxc3 26. Bxc3 Rfb8 27. Rg4 Bf6 28. Rag1 Kf7 29. h3 Nd3 30. Kg2 Nxb2 31. Bxb2 Rxb2 32. Rf1 h5 33. Rc1 hxg4 34. Rc7+ Kg6 35. hxg4 Raxa2 36. Rc4 Rxf2+ 37. Kg1 Rfc2 38. Rxc2 Rxc2 0-1

[Event "*** Titled Tuesday Blitz"]
[Site "Chess.com"]
[Date "2020.12.01"]
[Round "11"]
[White "KetiTsatsalashvili"]
[Black "MashaFromRussia"]
[Result "0-1"]
[WhiteElo "2326"]
[BlackElo "2425"]
[TimeControl "180+1"]
[EndTime "12:04:38 PST"]
[Termination "MashaFromRussia won by resignation"]

1. Nf3 Nf6 2. d4 g6 3. c4 Bg7 4. Nc3 O-O 5. e4 d6 6. Be2 e5 7.
O-O Nc6 8. d5 Ne7 9. Nd2 Nd7 10.
b4 f5 11. a4 Nf6 12. Ba3 fxe4 13. Ndxe4 Nf5 14. Bc1 Nd4 15. Be3 Bf5 16. Bd3 Qd7 17. f3 Nxe4 18. Bxe4 Rf7 19. Qd3 Raf8 20. c5 h5 21. a5 h4 22. h3 Bxh3 23. Bxg6 Rxf3 24. gxf3 Bxf1 25. Rxf1 Qh3 26. Bxd4 Qg3+ 27. Kh1 Qh3+ 28. Kg1 exd4 29. Ne4 Be5 30. Rf2 Kh8 31. Bh5 Rg8+ 32. Bg4 Rxg4+ 33. fxg4 Qxd3 0-1

[Event "*** Titled Tuesday Blitz"]
[Site "Chess.com"]
[Date "2020.12.01"]
[Round "11"]
[White "pavelalexandru07"]
[Black "zala02"]
[Result "0-1"]
[WhiteElo "2335"]
[BlackElo "2197"]
[TimeControl "180+1"]
[EndTime "12:04:39 PST"]
[Termination "zala02 won on time"]

1. e4 c5 2. Nf3 Nc6 3. d4 cxd4 4.
Nxd4 Nf6 5. Nc3 e5 6. Ndb5 d6 7.
Bg5 a6 8. Na3 b5 9. Nd5 Be7 10.
Bxf6 Bxf6 11. c3 Bg5 12. Nc2 Rb8 13. Be2 O-O 14. O-O a5 15. b4 axb4 16. cxb4 Be6 17. a3 g6 18. Nce3 f5 19. Bf3 Nd4 20. Rc1 Bxd5 21.
Nxd5 Bxc1 22. Qxc1 Nxf3+ 23. gxf3 fxe4 24. fxe4 Rc8 25. Qe3 Kg7 26. f4 exf4 27. Nxf4 Qd7 28. Kh1 Rce8 0-1

[Event "*** Titled Tuesday Blitz"]
[Site "Chess.com"]
[Date "2020.12.01"]
[Round "11"]
[White "ZenBull"]
[Black "stoleriu"]
[Result "0-1"]
[WhiteElo "2238"]
[BlackElo "2558"]
[TimeControl "180+1"]
[EndTime "12:04:43 PST"]
[Termination "stoleriu won by checkmate"]

1. Nf3 Nf6 2. c4 e6 3. g3 b6 4. Bg2 Bb7 5. d4 Bb4+ 6. Bd2 Qe7 7. O-O Bxd2 8. Qxd2 O-O 9. Nc3 Ne4 10. Nxe4 Bxe4 11. Ne1 Bxg2 12. Nxg2 d6 13. Rac1 Nd7 14. e4 e5 15. d5 a5 16. Ne3 Nc5 17. f3 g6 18.
Qc2 Qg5 19. Rce1 f5 20. exf5 gxf5 21. f4 exf4 22. Rxf4 Rae8 23. Ng2 Rxe1+ 24. Nxe1 Ne4 25. Nd3 Qf6 26. Kg2 Qd4 27. b3 Qe3 28. Nf2 Nxf2 29. Qxf2 Qe5 30. g4 Re8 31. Rxf5 Qe4+ 32. Kh3 Qd3+ 33.
Rf3 Qg6 34. Qg3 Re2 35. Qf4 Qg7 36. a4 h5 37. g5 Qd7+ 38. Kh4 Rxh2+ 39. Kg3 Qh3# 0-1

[Event "*** Titled Tuesday Blitz"]
[Site "Chess.com"]
[Date "2020.12.01"]
[Round "11"]
[White "AquivaRubinstein"]
[Black "A-S-00"]
[Result "1-0"]
[WhiteElo "2469"]
[BlackElo "2297"]
[TimeControl "180+1"]
[EndTime "12:04:46 PST"]
[Termination "AquivaRubinstein won by resignation"]

1. e4 c5 2. Nf3 Nc6 3. Bb5 Nd4 4. Bc4 e6 5. c3 Nxf3+ 6. Qxf3 g6 7. O-O Bg7 8. Rd1 Ne7 9. d4 cxd4 10. cxd4 O-O 11.
Nc3 b6 12. e5 Rb8 13. Bg5 Bb7 14. Ne4 Bxe4 15. Qxe4 f6 16. Bf4 f5 17. Qe3 Rc8 18.
Bb3 Qc7 19. d5 exd5 20. Bxd5+ Nxd5 21. Rxd5 Rfe8 22. Rad1 Re7 23. e6 Qc6 24. exd7 Rxe3 25. dxc8=Q+ Qxc8 26. Bxe3 h6 27. Rd8+ 1-0

[Event "*** Titled Tuesday Blitz"]
[Site "Chess.com"]
[Date "2020.12.01"]
[Round "11"]
[White "FairChess_on_YouTube"]
[Black "BillieKimbah"]
[Result "1-0"]
[WhiteElo "3012"]
[BlackElo "2873"]
[TimeControl "180+1"]
[EndTime "12:04:48 PST"]
[Termination "FairChess_on_YouTube won by resignation"]

1. e4 c5 2. Nc3 e6 3. Nge2 Nc6 4. g3 d5 5. exd5 exd5 6. d4 Bg4 7. Bg2 Nxd4 8. O-O Nxe2+ 9. Nxe2 Nf6 10. h3 Bh5 11.
g4 Bg6 12. Nf4 Be7 13. g5 Nd7 14. Nxd5 O-O 15. Nxe7+ Qxe7 16. Re1 Qd8 17. Bf4 Qc8 18. Re7 Rd8 19. Qg4 Bxc2 20. Rae1 Bg6 21. h4 Nf8 22. Qxc8 Raxc8 23. Bxb7 Ne6 24. Bxc8 Rxc8 25. Be3 a6 26. Rd1 h6 27. gxh6 gxh6 28. Bxh6 Kh7 29. Be3 Rg8 30. Kh2 Bh5 31. Rd5 Kg6 32. Rxe6+ fxe6 33. Rg5+ 1-0

[Event "*** Titled Tuesday Blitz"]
[Site "Chess.com"]
[Date "2020.12.01"]
[Round "11"]
[White "vwnv7"]
[Black "queen_iryna"]
[Result "1-0"]
[WhiteElo "2422"]
[BlackElo "2317"]
[TimeControl "180+1"]
[EndTime "12:04:50 PST"]
[Termination "vwnv7 won by checkmate"]

1. c4 d6 2. Nc3 e5 3. g3 Nc6 4. Bg2 g6 5. e4 Bg7 6. Nge2 f5 7. d3 Nf6 8. Bg5 h6 9. Be3 O-O 10.
h3 Be6 11. Qd2 Kh7 12. Nd5 f4 13. gxf4 Nh5 14. fxe5 Nxe5 15. f4 Nc6 16. Bf3 Nf6 17. O-O-O a5 18. Rdg1 Nb4 19. Kb1 c6 20. Nxf6+ Qxf6 21.
f5 Bf7 22. Bd4 Qe7 23. fxg6+ Bxg6 24. Rxg6 Kxg6 25. Rg1+ Kh7 26. Rxg7+ Qxg7 27. Bxg7 Kxg7 28. Nd4 Rf6 29. Nf5+ Kh7 30. a3 Na6 31. Qxa5 Rg8 32.
Qc3 Rfg6 33. Bh5 Rg1+ 34. Ka2 Nc5 35. Qf6 Nxd3 36. Qxh6# 1-0

[Event "*** Titled Tuesday Blitz"]
[Site "Chess.com"]
[Date "2020.12.01"]
[Round "11"]
[White "CalinGheorghiu"]
[Black "Mikhail_Golubev"]
[Result "0-1"]
[WhiteElo "2412"]
[BlackElo "2575"]
[TimeControl "180+1"]
[EndTime "12:04:52 PST"]
[Termination "Mikhail_Golubev won by checkmate"]

1. e4 c5 2. Nc3 g6 3. f4 Bg7 4.
Nf3 e6 5. d4 cxd4 6. Nxd4 Ne7 7.
Ndb5 O-O 8. Nd6 Nbc6 9. Be2 Qb6 10. e5 f6 11. exf6 Bxf6 12. Nce4 Bg7 13. c3 Nd5 14. g3 Nce7 15. Qd3 Nf5 16. Nxf5 gxf5 17. Ng5 Qc5 18. Bd2 b5 19. Qxb5 Qxb5 20. Bxb5 Rb8 21. c4 Nc7 22. Bb4 Nxb5 23. Bxf8 Bxb2 24. cxb5 Bxa1 25. Bd6 Rxb5 26. O-O Bd4+ 27. Kg2 Bb7+ 28. Kh3 Rb2 29. Rc1 h6 30. Rc7 hxg5 31. fxg5 Bg2+ 32. Kh4 Bc6 33. g6 Rxh2+ 34. Kg5 Kg7 35. Bf4 Bf6# 0-1

[Event "*** Titled Tuesday Blitz"]
[Site "Chess.com"]
[Date "2020.12.01"]
[Round "11"]
[White "wonderfultime"]
[Black "StephenDedalus83"]
[Result "1-0"]
[WhiteElo "2926"]
[BlackElo "2716"]
[TimeControl "180+1"]
[EndTime "12:04:55 PST"]
[Termination "wonderfultime won by resignation"]

1. e4 c5 2. Nf3 Nc6 3. Bb5 g6 4.
O-O Bg7 5. c3 Nf6 6. d3 O-O 7.
Re1 d6 8. Nbd2 e5 9. Nf1 h6 10. Ng3 Bd7 11. a4 Ne8 12. Bc4 Nc7 13. Be3 Ne6 14. Nf1 Kh7 15. Qc2 f5 16. exf5 gxf5 17. d4 cxd4 18. cxd4 Rc8 19. Qe2 f4 20. d5 fxe3 21.
dxe6 exf2+ 22. Qxf2 Be8 23. Rad1 Nd4 24. Rxd4 exd4 25. e7 Qb6 26. Bd3+ Kh8 27. exf8=Q+ Bxf8 28. Qh4 Bxa4 29. Re7 Rc7 30. Qf6+ Kg8 31. Qf7+ 1-0

[Event "*** Titled Tuesday Blitz"]
[Site "Chess.com"]
[Date "2020.12.01"]
[Round "11"]
[White "Chesswizard_2007"]
[Black "juancruzarias"]
[Result "0-1"]
[WhiteElo "2660"]
[BlackElo "2525"]
[TimeControl "180+1"]
[EndTime "12:04:56 PST"]
[Termination "juancruzarias won on time"]

1. e4 e6 2. Nc3 d5 3. d4 Nf6 4. Bg5 Bb4 5. e5 h6 6. Bd2 Bxc3 7. Bxc3 Ne4 8. Bd3 Nxc3 9. bxc3 c5 10. Nf3 Qa5 11. Qd2 Nc6 12. O-O-O c4 13. Be2 Qa3+ 14. Kb1 b5 15. Ka1 a5 16. Rb1 b4 17. Qc1 Qxc3+ 18.
Qb2 Qxb2+ 19. Kxb2 Bd7 20. c3 Ke7 21. Kc2 Rhb8 22.
h4 Be8 23. h5 bxc3 24. Kxc3 Nb4 25. a3 Nc6 26. g4 f6 27. exf6+ gxf6 28. Nh4 Kd6 29. f4 Na7 30. Kd2 Nb5 31. Ke3 Nxa3 32. Rbc1 Rb2 33. Ng6 Nc2+ 34. Rxc2 Rxc2 35. Rb1 Rc3+ 36.
Kf2 Rb3 37. Ra1 a4 38. Bd1 a3 0-1

[Event "*** Titled Tuesday Blitz"]
[Site "Chess.com"]
[Date "2020.12.01"]
[Round "11"]
[White "LuckSlayeer"]
[Black "DinaBelenkaya"]
[Result "1-0"]
[WhiteElo "2574"]
[BlackElo "2397"]
[TimeControl "180+1"]
[EndTime "12:04:56 PST"]
[Termination "LuckSlayeer won by resignation"]

1. g3 d5 2. Bg2 c6 3. Nf3 Bg4 4. O-O e6 5. d4 Nd7 6. Nbd2 Ngf6 7. Re1 Be7 8. e4 dxe4 9. Nxe4 Nxe4 10. Rxe4 Nf6 11.
Re1 O-O 12. c3 a5 13. Qb3 Qc8 14. a4 Nd5 15. Ne5 Bh5 16. Nc4 Qc7 17. Bd2 h6 18. Ne5 Bd6 19. f4 Bxe5 20. Rxe5 Bg6 21. Rae1 Rfd8 22.
h3 Rab8 23. c4 Nb4 24. Bxb4 axb4 25. d5 cxd5 26. cxd5 Qc5+ 27. Kh2 Bc2 28. Qf3 exd5 29. f5 Be4 30. Qxe4 dxe4 31. Rxc5 Rd2 32. Rxe4 Rxb2 33.
Rb5 Rd8 34. Rexb4 Ra2 35. Rb2 Rxa4 36. Rxb7 Rd5 37. Bxd5 1-0

[Event "*** Titled Tuesday Blitz"]
[Site "Chess.com"]
[Date "2020.12.01"]
[Round "11"]
[White "sergeikim"]
[Black "DanilNajdin"]
[Result "1/2-1/2"]
[WhiteElo "2507"]
[BlackElo "2386"]
[TimeControl "180+1"]
[EndTime "12:04:56 PST"]
[Termination "Game drawn by repetition"]

1. d4 f5 2. c4 Nf6 3. g3 e6 4. Bg2 c6 5. Nh3 d6 6. Nf4 e5 7. dxe5 dxe5 8. Qxd8+ Kxd8 9. Nd3 Nbd7 10. Nc3 Kc7 11.
h3 e4 12. Bf4+ Bd6 13. Bxd6+ Kxd6 14. Nc1 Ne5 15. b3 Be6 16. a4 a5 17. N1a2 Rhd8 18. O-O-O+ Kc7 19. f3 exf3 20. exf3 f4 21. Rhe1 Nd3+ 22.
Rxd3 Rxd3 23. Rxe6 fxg3 24. Re7+ Rd7 25. Rxd7+ Nxd7 26. Ne4 Re8 27. Kd2 b6 28. Nac3 h5 29. Nxg3 Nc5 30.
Nxh5 Nxb3+ 31. Kc2 Nd4+ 32. Kd3 Nf5 33. Ne4 Rd8+ 34. Kc3 Ne3 35. Nf4 Rf8 36. Ne6+ Kb7 37. Nxf8 Nxg2 38. Ne6 Ne1 39. Nxg7 Nxf3 40. Kd3 Ka6 41.
Ke3 Nh4 42. Kf4 b5 43. cxb5+ cxb5 44. axb5+ Kxb5 45. Ne6 a4 46. Nd4+ Kc4 47. Nc2 Kb3 48. Nd4+ Kc4 49. Nc2 Kb3 50. Nd4+ Kc4 1/2-1/2

[Event "*** Titled Tuesday Blitz"]
[Site "Chess.com"]
[Date "2020.12.01"]
[Round "11"]
[White "kinga2008"]
[Black "MasterKroket"]
[Result "1/2-1/2"]
[WhiteElo "2209"]
[BlackElo "2385"]
[TimeControl "180+1"]
[EndTime "12:04:57 PST"]
[Termination "Game drawn - insufficient material"]

1. e4 c5 2. Nf3 e6 3. c3 Nf6 4.
Bd3 Nc6 5. Bc2 d6 6. O-O Be7 7. d4 cxd4 8. cxd4 e5 9. dxe5 dxe5 10. Qxd8+ Bxd8 11. Nc3 O-O 12. Bg5 Be6 13. Rfd1 Bb6 14. Bxf6 gxf6 15. Nd5 Bxd5 16. exd5 Nd4 17. Nxd4 Bxd4 18.
Be4 Rac8 19. Rac1 Rfd8 20. b3 h6 21. Kf1 Kf8 22. Ke2 Ke7 23. f4 b5 24. Kd3 b4 25.
Bf3 Bc3 26. Ke4 Kd6 27. Rd3 a5 28. a3 Bd4 29. Rxc8 Rxc8 30. axb4 axb4 31. Kf5 Rc3 32. Rxc3 bxc3 33. Be4 Kc5 34. Kxf6 exf4+ 35. Kxf7 Kb4 36. d6 Kxb3 37. d7 Bb6 38. Ke7 c2 39. Bxc2+ Kxc2 40.
d8=Q Bxd8+ 41. Kxd8 Kd2 42. Ke7 Ke2 43. Kf6 Kf2 44.
Kf5 Kxg2 45. Kxf4 Kxh2 46. Kg4 h5+ 47. Kxh5 1/2-1/2

[Event "*** Titled Tuesday Blitz"]
[Site "Chess.com"]
[Date "2020.12.01"]
[Round "11"]
[White "mr65"]
[Black "Ariadna_Atreides"]
[Result "0-1"]
[WhiteElo "2167"]
[BlackElo "2074"]
[TimeControl "180+1"]
[EndTime "12:04:57 PST"]
[Termination "Ariadna_Atreides won on time"]

1. e4 c5 2. d4 cxd4 3. c3 d3 4. c4 Nc6 5. Nc3 d6 6. Bxd3 g6 7. Nge2 Bg7 8. b3 Nf6 9. Bb2 O-O 10. O-O a6 11. Qd2 Rb8 12. Nd5 b5 13. Nxf6+ exf6 14. Rad1 Qc7 15. Nf4 Be6 16. Nd5 Bxd5 17. exd5 Ne5 18. f4 Nxd3 19. Qxd3 bxc4 20. Qd4 cxb3 21. a3 Qb6 22. f5 Rfc8 23. Rf2 Rc2 24. Qxb6 Rxb6 25. Re1 Rb8 26. Rfe2 Bf8 27. Kf1 Rxe2 28. Rxe2 Bg7 29. g4 Kf8 30. h3 Re8 31. Rxe8+ Kxe8 32. Ke2 gxf5 33. Kd3 fxg4 34. hxg4 Kf8 35. Kc4 f5 36. gxf5 Bxb2 0-1

[Event "*** Titled Tuesday Blitz"]
[Site "Chess.com"]
[Date "2020.12.01"]
[Round "11"]
[White "szachuspl"]
[Black "emiliochess"]
[Result "1-0"]
[WhiteElo "2481"]
[BlackElo "2360"]
[TimeControl "180+1"]
[EndTime "12:04:58 PST"]
[Termination "szachuspl won by checkmate"]

1. e4 d5 2. exd5 Nf6 3. d4 c6 4. dxc6 Nxc6 5. Nf3 Bg4 6. Be3 e5 7. dxe5 Qxd1+ 8. Kxd1 O-O-O+ 9. Nd2 Nxe5 10. Be2 Nc6 11.
c3 Ne4 12. Ke1 Nf6 13. Ng5 Bxe2 14. Kxe2 Rd7 15. Rhd1 h6 16. Nge4 Be7 17. Nxf6 Bxf6 18. Ne4 Be7 19. Rxd7 Kxd7 20. Rd1+ Kc7 21. Bf4+ Kc8 22.
Nd6+ Bxd6 23. Bxd6 Re8+ 24. Kf3 Re6 25. Bg3 Rf6+ 26.
Ke4 Re6+ 27. Kd3 Kd7 28. a4 Ke7 29. b4 f5 30. h4 g5 31. hxg5 hxg5 32. f3 f4 33. Bf2 Ne5+ 34. Kc2 Nc4 35. Re1 Rxe1 36. Bxe1 Ne3+ 37. Kd3 Nxg2 38. Bf2 a6 39. Ke4 Kf6 40.
a5 Ke6 41. c4 Kf6 42. b5 Ke6 43. c5 axb5 44. c6 Kd6 45. cxb7 Kc7 46. a6 b4 47. Bb6+ Kb8 48. Kd5 Ne3+ 49. Kc6 Nd5 50. a7# 1-0